 Dungeon Crawl Stone Soup version 0.30-a0-860-g512cf1e979 (webtiles) character file.

Game seed: 8134248062199091833

552 Orangeyouglad the Grave Robber (level 7, 0/46 HPs)
             Began as a Demonspawn Necromancer on Mar 7, 2023.
             Slain by a gnoll
             ... wielding a +0 spear
             ... led by a gnoll bouda
              (6 damage)
             ... on level 5 of the Dungeon on Mar 8, 2023.
             The game lasted 00:12:16 (4281 turns).

Orangeyouglad the Grave Robber (DsNe)               Turns: 4281, Time: 00:12:17

Health: 0/46       AC:  2    Str:  9    XL:     7   Next: 8%
Magic:  12/12      EV: 15    Int: 18    God:
Gold:   206        SH:  0    Dex: 13    Spells: 3/13 levels left

rFire   . . .      SeeInvis .    z - +4 quarterstaff (chaos)
rCold   . . .      Faith    .    (shield currently unavailable)
rNeg    . . .      Spirit   .    a - +0 robe
rPois   +          Reflect  .    (no helmet)
rElec   .          Rampage  .    (no cloak)
rCorr   .                        (no gloves)
Will    .....                    (no boots)
Stlth   ++                       j - amulet of magic regeneration
HPRegen 0.27/turn                k - ring of wizardry
MPRegen 0.53/turn                t - ring of poison resistance

@: no status effects
A: repulsion field 1, ignite blood 1
a: no special abilities


You were on level 5 of the Dungeon.
You visited 1 branch of the dungeon, and saw 6 of its levels.

You collected 206 gold pieces.

Inventory:

Hand Weapons
 e - a +0 dagger
 y - the +2 war axe "Xehuga" {protect, rN++ Dex+2}
   (You found it on level 3 of the Dungeon)

   Dex:       It affects your dexterity (+2).
   rN:        It greatly protects you from negative energy.
 z - a +4 quarterstaff of chaos (weapon)
Missiles
 g - 7 poisoned darts
 l - 4 datura-tipped darts
Armour
 a - a +0 robe (worn)
 x - a +0 buckler
 A - a +0 cloak
Jewellery
 j - an amulet of magic regeneration (around neck)
 k - a ring of wizardry (left hand)
 t - a ring of poison resistance (right hand)
 w - a ring of see invisible
Scrolls
 c - a scroll of teleportation
 f - 2 scrolls of amnesia
 o - a scroll of torment {unknown}
 q - a scroll of vulnerability {unknown}
 s - a scroll of silence {unknown}
 u - 2 scrolls of enchant armour {unknown}
 v - a scroll of brand weapon {unknown}
 C - a scroll of identify
Potions
 b - 2 potions of magic
 d - a potion of degeneration {unknown}
 h - 2 potions of resistance {unknown}
 i - 3 potions of curing {unknown}
 m - 4 potions of heal wounds {unknown}
 n - a potion of ambrosia {unknown}
 p - a potion of flight {unknown}
 r - 2 potions of mutation {unknown}
 B - a potion of might {unknown}


   Skills:
 + Level 3.8 Dodging
 - Level 3.4 Stealth
 + Level 1.7 Shields
 + Level 3.9 Spellcasting
 + Level 6.0 Necromancy


You had 3 spell levels left.
You knew the following spells:

 Your Spells              Type           Power      Damage    Failure   Level
a - Necrotise             Necr           100%       1d9       1%          1
b - Animate Dead          Necr           25%        N/A       4%          4
c - Vampiric Draining     Necr           25%        2d7       1%          3
d - Sublimation of Blood  Necr           25%        N/A       1%          2

Your spell library contained the following spells:

 Spells                   Type           Power      Damage    Failure   Level
 Blink                    Tloc           6%         N/A       9%          2
 Lesser Beckoning         Tloc           6%         N/A       9%          2
 Momentum Strike          Conj/Tloc      6%         3d8       9%          2
 Static Discharge         Conj/Air       6%         2-3/arc   9%          2
 Wereblood                Tmut           3%         N/A       9%          2
 Vhi's Electric Charge    Tloc/Air       6%         N/A       17%         3
 Agony                    Necr           25%        N/A       14%         5
 Arcjolt                  Conj/Air       1%         1d11      82%         5
 Lightning Bolt           Conj/Air       1%         1d12      82%         5
 Summon Hydra             Summ           1%         N/A       100%        7


Dungeon Overview and Level Annotations

Branches:
Dungeon (6/15)             Temple (0/1) D:4

Altars:
Nemelex Xobeh
Okawaru

Shops:
D:6 :


Innate Abilities, Weirdness & Mutations

You are surrounded by a mild repulsion field. (EV +2)
Your demonic aura sometimes causes spilled blood to erupt in flames.


Message History

Done exploring.
Done exploring.
You see here a +0 short sword.
Done exploring.
You swap places.
You see here a +0 short sword.
You swap places.
There is a stone staircase leading down here.
Done exploring.
There is a dry fountain here.
You see here a +0 robe.
There is a stone staircase leading up here.
Done exploring.
Unknown command.
Done exploring.
Done exploring.
There is a stone staircase leading down here.
Okay, then.
Unknown command.
Done exploring.
Done exploring.
There is a stone staircase leading up here.
You swap places.
You see here a +0 robe.
There is an escape hatch in the floor here.
There is a fountain of sparkling water here.
There is a stone staircase leading down here.
Done exploring.
You climb downwards.
You hear the sound of rushing water.
There is an entrance to a sewer on this level.
Hurry and find it before the portal rusts away!
The walls and floor vibrate strangely for a moment.
The steam dragon breathes steam at you. The ball of steam hits you!
The gnoll hits you with a +0 spear.
The gnoll hits you from afar with a +0 spear!
There is a stone staircase leading up, spattered with blood here.
You are engulfed in a cloud of scalding steam.
* * * LOW HITPOINT WARNING * * *
The gnoll hits you with a +0 spear.
You die...

##.?......#.#...
###.......#.#.#.#
...>........#...#
....##......D...#
.............§..#
#...#.#...?...g.##
......#.......§..#
......#.......O§.#
.O?...#...g...g.@#
......#.......$g§#
......############
....|.# ......#
......# #


You could see an ogre and 4 gnolls.

Vanquished Creatures
  2 sky beasts
  Blork the orc (D:6)
  Crazy Yiuf (D:2)
  2 jellies
  An orc priest (D:6)
  Jessica (D:2)
  An orc wizard (D:6)
  A gnoll (D:6)
  4 adders
  2 ufetubi
  A worm (D:2)
  A dart slug (D:3)
  6 orcs
  5 bats
  4 endoplasms
  A giant cockroach (D:2)
  4 goblins
  4 hobgoblins
  3 quokkas
  10 ball pythons
  A frilled lizard (D:1)
  3 kobolds
  7 rats
66 creatures vanquished.

Vanquished Creatures (collateral kills)
  A gnoll (D:5)
  An adder (D:2)
2 creatures vanquished.

Vanquished Creatures (others)
  An adder zombie (D:4)
  2 fungi (D:1)
3 creatures vanquished.

Grand Total: 71 creatures vanquished

Notes
Turn   | Place    | Note
-------+----------+-------------------------------------------
     0 | D:1      | Orangeyouglad the Demonspawn Necromancer began the quest
                  | for the Orb.
     0 | D:1      | Reached XP level 1. HP: 13/13 MP: 3/3
   291 | D:1      | Found a faded altar of an unknown god.
   500 | D:1      | Gained mutation: Your demonic aura sometimes causes spilled
                  | blood to erupt in flames. [demonic ancestry]
   500 | D:1      | Reached XP level 2. HP: 19/19 MP: 3/5
   975 | D:2      | Reached XP level 3. HP: 24/24 MP: 6/6
  1254 | D:2      | Noticed Jessica
  1276 | D:2      | Killed Jessica
  1277 | D:2      | Reached XP level 4. HP: 16/30 MP: 4/7
  1542 | D:2      | Found a runed translucent door.
  1543 | D:2      | Noticed Crazy Yiuf
  1659 | D:2      | Learned a level 4 spell: Animate Dead
  1663 | D:2      | Learned a level 3 spell: Vampiric Draining
  2046 | D:3      | Found a faded altar of an unknown god.
  2156 | D:3      | Identified the +2 war axe "Xehuga" {protect, rN++ Dex+2}
  2219 | D:3      | Found a sparkling altar of Nemelex Xobeh.
  2219 | D:3      | You fall into a shaft and drop 3 floors!
  2353 | D:6      | Noticed Blork the orc
  2369 | D:5      | Entered Level 5 of the Dungeon
  2369 | D:5      | Noticed an ogre
  2369 | D:5      | Noticed a steam dragon
  2389 | D:5      | Reached skill level 5 in Necromancy
  2390 | D:6      | Found Hogas's Book Emporium.
  2441 | D:6      | Noticed a sky beast
  2449 | D:6      | Killed a sky beast
  2450 | D:6      | Gained mutation: You are surrounded by a mild repulsion
                  | field. (EV +2) [demonic ancestry]
  2450 | D:6      | Reached XP level 5. HP: 32/35 MP: 2/9
  2453 | D:6      | Learned a level 2 spell: Sublimation of Blood
  2559 | D:6      | Killed Blork the orc
  2560 | D:6      | Reached XP level 6. HP: 33/41 MP: 1/11
  2993 | D:5      | Found an iron altar of Okawaru.
  3012 | D:4      | Reached skill level 1 in Shields
  3431 | D:2      | Killed Crazy Yiuf
  3689 | D:4      | Noticed a sky beast
  3698 | D:4      | Killed a sky beast
  3726 | D:4      | Reached XP level 7. HP: 37/46 MP: 12/12
  3833 | D:4      | Reached skill level 6 in Necromancy
  4029 | D:4      | Found a staircase to the Ecumenical Temple.
  4281 | D:5      | Slain by a gnoll

Illustrated notes

Levels and vault maps discovered:
D:1:      lemuel_arrival_lava_pool, layout_basic,
          shapermc_ecumenical_altar_mp_ritualfount
D:2:      layout_basic, uniq_crazy_yiuf_cottage, uniq_jessica
D:3:      layout_basic, elyvilon_altar_4, nicolae_overflow_ecumenical_swirl,
          mainiacjoe_overflow_brackets, serial_corexii_hall,
          chequers_hall_statues_y, chequers_hall_statues_y,
          chequers_hall_statues_wall_a, corexii_hall_statues_x
D:4:      layout_basic, minmay_temple_entry_glassed_door, grunt_ministairs_13,
          dreamdust_princess_bridge
D:5:      layout_rooms, grunt_temple_overflow_champion_of_chaos,
          pdpol_temple_overflow_zin_treasury_gozag_greed,
          mainiacjoe_overflow_cross_hatched, overflow_temple_1_default,
          portal_sewer_entry_f
D:6:      lemuel_insect_pit, layout_loops_corners, serial_shops,
          nicolae_stop_n_shop_1, uniq_blork_the_orc

Skill      XL: |  1  2  3  4  5  6  7 |
---------------+----------------------+-----
Dodging        | 2 3 |  3.8
Stealth        | 2 3 |  3.4
Necromancy     | 5 6 |  6.0
Spellcasting   | 3 |  3.9
Shields        | 1 |  1.7

Action                     |  1- 3 |  4- 6 |  7- 9 || total
---------------------------+-------+-------+-------++-------
  Melee: Dagger            |    20 |    13 |       ||    33
         Unarmed           |     2 |       |       ||     2
         War axe           |       |    26 |       ||    26
         Quarterstaff      |       |     5 |    11 ||    16
   Cast: Necrotise         |    42 |    14 |       ||    56
         Vampiric Draining |       |    25 |     1 ||    26
         Sublimation of Bl |       |     2 |       ||     2
         Animate Dead      |       |     1 |     1 ||     2
    Use: Scroll            |       |     5 |       ||     5
   Stab: Sleeping          |     2 |     2 |     2 ||     6
 Armour: Robe              |     7 |     7 |     3 ||    17
  Dodge: Dodged            |    43 |    62 |    13 ||   118

Table legend: (Time is in decaauts)
 A = Elapsed time spent in this place.
 B = Non-inter-level travel time spent in this place.
 C = Inter-level travel time spent in this place.
 D = Time resting spent in this place.
 E = Time spent auto-exploring this place.
 F = Levels seen in this place.
 G = Mean time per level.
                   A        B        C        D        E       F      G
               +--------+--------+--------+--------+--------+-----+--------+
         Total |   4298 |   3943 |    355 |    220 |   2570 |   6 |  716.3 |
       Dungeon |   4298 |   3943 |    355 |    220 |   2570 |   6 |  716.3 |
               +--------+--------+--------+--------+--------+-----+--------+

Top non-repeatable levels by time:
     D:2: 1084 daAuts
     D:1: 856 daAuts
     D:4: 844 daAuts
     D:6: 745 daAuts
     D:3: 714 daAuts
     D:5: 53 daAuts
